[Event "12th Maria Albulet Memorial 2019"]
[Site "Braila"]
[Date "2019.10.06"]
[Round "6.6"]
[White "Didiliuc, Dariana-Gabriela"]
[Black "Paraschiv, Petronela-Alexandra"]
[Result "1-0"]
[ECO "E34"]
[WhiteElo "1798"]
[BlackElo "1829"]
[Annotator "NA"]
[PlyCount "105"]
[EventDate "2019.10.02"]
[EventType "swiss"]
[EventCountry "ROU"]
[SourceTitle "playchess.com"]
[Source "ChessBase"]
[SourceQuality "1"]
[TimeControl "40/5400+30:900+30"]

1. d4 e6 2. c4 Nf6 3. Nc3 Bb4 4. Qc2 d5 5. cxd5 Qxd5 6. a3 Bxc3+ 7. bxc3 Qf5 8. Qxf5 exf5 9. Nf3 Nbd7 10. e3 Nb6 11. c4 c6 12. Ra2 Be6 13. Rc2 O-O 14. Bd3 Rad8 15. O-O Ne4 16. Ne1 Rfe8 17. f3 Nf6 18. Bb2 Bc8 19. Kf2 Re7 20. g3 h6 21. Ng2 Nh7 22. h4 Nf8 23. Rd1 Be6 24. Nf4 Nh7 25. Nxe6 fxe6 26. c5 Nd5 27. Re2 Ndf6 28. a4 b6 29. cxb6 axb6 30. Rc2 Rc7 31. Bc4 Kf7 32. Rdc1 c5 33. Ke2 Rdc8 34. dxc5 bxc5 35. Be5 Ra7 36. Bb5 Nf8 37. Rxc5 Rxc5 38. Rxc5 N8d7 39. Rc7 Rxc7 40. Bxc7 Nd5 41. Ba5 Nc5 42. Bd2 Nc7 43. Bc6 Ke7 44. Bb4 Kd6 45. Bb7 Nd5 46. Bxd5 Kxd5 47. Bxc5 Kxc5 48. Kd3 e5 49. h5 Kb4 50. e4 fxe4+ 51. Kxe4 Kxa4 52. Kxe5 Kb4 53. Ke4 1-0

[Event "12th Maria Albulet Memorial 2019"]
[Site "Braila"]
[Date "2019.10.06"]
[Round "6.7"]
[White "Pitigoi, Sabina-Andreea"]
[Black "Mihailova, Alina"]
[Result "1-0"]
[ECO "D10"]
[WhiteElo "1490"]
[BlackElo "1770"]
[Annotator "NA"]
[PlyCount "87"]
[EventDate "2019.10.02"]
[EventType "swiss"]
[EventCountry "ROU"]
[SourceTitle "playchess.com"]
[Source "ChessBase"]
[SourceQuality "1"]
[TimeControl "40/5400+30:900+30"]

1. d4 d5 2. c4 c6 3. Nc3 Nf6 4. cxd5 cxd5 5. Bf4 Nc6 6. e3 a6 7. Rc1 e6 8. Nf3 Be7 9. Bd3 O-O 10. O-O Nh5 11. Bg3 Nxg3 12. hxg3 Bd7 13. Qc2 h6 14. a3 Rc8 15. Qb1 b5 16. e4 dxe4 17. Bxe4 Qb6 18. d5 Na5 19. dxe6 Bxe6 20. Nd5 Qa7 21. Nxe7+ Qxe7 22. Rxc8 Rxc8 23. Bf5 Qf6 24. Bxe6 Qxe6 25. Re1 Qb3 26. Nd4 Qc4 27. Nf5 Rd8 28. b4 Nb7 29. Qa1 f6 30. Re7 Qg4 31. Rxg7+ Qxg7 32. Nxg7 Kxg7 33. Qc1 Nd6 34. Qc6 Nf7 35. Qxa6 Rd1+ 36. Kh2 Ne5 37. Qc8 h5 38. f3 Rd3 39. Qb7+ Kg6 40. Qxb5 Rxa3 41. Qe8+ Nf7 42. Qg8+ Kh6 43. Qxf7 Ra6 44. b5 1-0

[Event "12th Maria Albulet Memorial 2019"]
[Site "Braila"]
[Date "2019.10.06"]
[Round "6.8"]
[White "Anghel, Maria"]
[Black "Maria, Lia-Alexandra"]
[Result "1-0"]
[ECO "E21"]
[WhiteElo "1743"]
[BlackElo "1602"]
[Annotator "NA"]
[PlyCount "70"]
[EventDate "2019.10.02"]
[EventType "swiss"]
[EventCountry "ROU"]
[SourceTitle "playchess.com"]
[Source "ChessBase"]
[SourceQuality "1"]
[TimeControl "40/5400+30:900+30"]

1. d4 Nf6 2. Nf3 e6 3. c4 b6 4. Nc3 Bb7 5. a3 Be7 6. d5 exd5 7. cxd5 d6 8. e4 Nbd7 9. Bd3 O-O 10. O-O c6 11. dxc6 Bxc6 12. Nd4 Bb7 13. Re1 Re8 14. b4 Rc8 15. Bb2 Ne5 16. Bb5 Rf8 17. Qe2 h6 18. Rad1 Qc7 19. Nf5 Rfd8 20. Rc1 Bf8 21. Nd5 Qb8 22. Nfe7+ Kh8 23. Nxc8 Nxd5 24. exd5 Bxc8 25. f4 Ng6 26. Qh5 Kg8 27. f5 Ne5 28. f6 g6 29. Qe2 Bg4 30. Qc2 Rc8 31. Qe4 Bf5 32. Rxc8 Qxc8 33. Qe3 Ng4 34. Qe8 Qc2 35. Qxf8+ Kxf8 1-0

[Event "12th Maria Albulet Memorial 2019"]
[Site "Braila"]
[Date "2019.10.07"]
[Round "7.2"]
[White "Navrotescu, Andreea-Cristiana"]
[Black "Bucur, Denisa-Andreea"]
[Result "1/2-1/2"]
[ECO "A06"]
[WhiteElo "2241"]
[BlackElo "1888"]
[Annotator "ChessBase"]
[PlyCount "114"]
[EventDate "2019.10.02"]
[EventType "swiss"]
[EventCountry "ROU"]
[SourceTitle "playchess.com"]
[Source "ChessBase"]
[SourceQuality "1"]
[TimeControl "40/5400+30:900+30"]

1. Nf3 d5 2. b3 Bg4 3. Bb2 e6 4. g3 Nf6 5. Bg2 c6 6. d3 Bd6 7. Nbd2 Nbd7 8. h3 Bxf3 9. Nxf3 O-O 10. O-O Qe7 11. a3 e5 12. Nh4 Bc7 13. e4 dxe4 14. dxe4 Rfd8 15. Nf5 Qe6 16. Qe2 Nc5 17. Qe3 Bb6 18. Qg5 Ne8 19. Rad1 a5 20. h4 Qf6 21. Bxe5 Qxg5 22. hxg5 Ne6 23. c4 Nxg5 24. b4 Bc7 25. Bxc7 Nxc7 26. Nd6 axb4 27. axb4 Nge6 28. e5 Ra4 29. Rb1 Nd4 30. Rb2 b5 31. Rd1 Nce6 32. c5 g6 33. f4 Rda8 34. Kf2 Ra2 35. Rdd2 Rxb2 36. Rxb2 Ra3 37. Nb7 Kf8 38. Be4 Ke7 39. Nd6 f6 40. f5 gxf5 41. Nxf5+ Nxf5 42. Bxf5 Ng5 43. exf6+ Kxf6 44. Bd7 Ne4+ 45. Kg2 Rxg3+ 46. Kh2 Rd3 47. Bxc6 Rd2+ 48. Rxd2 Nxd2 49. Bxb5 Ke6 50. Bc6 Nb3 51. Kg3 Ke5 52. Bg2 Nd4 53. Kh4 Ne6 54. Kg4 Kd4 55. c6 Kc4 56. Kf5 Nd4+ 57. Ke5 Nxc6+ 1/2-1/2

[Event "12th Maria Albulet Memorial 2019"]
[Site "Braila"]
[Date "2019.10.07"]
[Round "7.3"]
[White "Cosman, Andreea-Marioara"]
[Black "Lehaci, Miruna-Daria"]
[Result "1-0"]
[ECO "E44"]
[WhiteElo "2165"]
[BlackElo "2131"]
[Annotator "ChessBase"]
[PlyCount "69"]
[EventDate "2019.10.02"]
[EventType "swiss"]
[EventCountry "ROU"]
[SourceTitle "playchess.com"]
[Source "ChessBase"]
[SourceQuality "1"]
[TimeControl "40/5400+30:900+30"]

1. d4 Nf6 2. c4 e6 3. Nc3 Bb4 4. e3 b6 5. Nge2 c5 6. a3 Ba5 7. Rb1 Na6 8. Bd2 O-O 9. Ng3 Bb7 10. Bd3 cxd4 11. exd4 Bxc3 12. bxc3 Nc7 13. O-O Ba6 14. Qe2 Rc8 15. f4 d5 16. f5 dxc4 17. Bc2 Re8 18. Bg5 h6 19. Bxf6 Qxf6 20. Ne4 Qh4 21. Nd6 exf5 22. Qf3 f4 23. Nxc8 Bxc8 24. Qc6 Re7 25. d5 Re2 26. Qxc7 Rxg2+ 27. Kxg2 Qg5+ 28. Kf2 Qh4+ 29. Ke2 f3+ 30. Kd1 g6 31. Qxc8+ Kg7 32. Kc1 Qg5+ 33. Kb2 Qxd5 34. Rbd1 Qb5+ 35. Ka2 1-0

[Event "12th Maria Albulet Memorial 2019"]
[Site "Braila"]
[Date "2019.10.07"]
[Round "7.4"]
[White "Petrenko, Svetlana"]
[Black "Didiliuc, Dariana-Gabriela"]
[Result "1/2-1/2"]
[ECO "A45"]
[WhiteElo "2112"]
[BlackElo "1798"]
[Annotator "ChessBase"]
[PlyCount "83"]
[EventDate "2019.10.02"]
[EventType "swiss"]
[EventCountry "ROU"]
[SourceTitle "playchess.com"]
[Source "ChessBase"]
[SourceQuality "1"]
[TimeControl "40/5400+30:900+30"]

1. d4 Nf6 2. b3 g6 3. Bb2 Bg7 4. Nf3 O-O 5. g3 d6 6. Bg2 c5 7. O-O Nbd7 8. e3 Rb8 9. a4 b6 10. c4 e6 11. Nc3 a6 12. e4 Bb7 13. Re1 Qc7 14. d5 e5 15. Nh4 Qd8 16. Bh3 Bc8 17. Bc1 Ne8 18. Ra2 Ndf6 19. Bf1 Ng4 20. Bd3 Nh6 21. Qc2 a5 22. Nd1 f5 23. exf5 Nxf5 24. Nxf5 gxf5 25. f3 Rb7 26. Ne3 Rbf7 27. Ng2 Qf6 28. Nh4 Bh6 29. Bxh6 Qxh6 30. Ng2 Rg7 31. f4 exf4 32. Qc1 Nf6 33. Qxf4 Ng4 34. Qxh6 Nxh6 35. Nf4 Ng4 36. Bc2 Ne5 37. Kg2 Ng6 38. Kf3 Ne5+ 39. Kf2 Re7 40. h3 Rfe8 41. Raa1 Ng6 42. Rxe7 1/2-1/2

[Event "12th Maria Albulet Memorial 2019"]
[Site "Braila"]
[Date "2019.10.07"]
[Round "7.5"]
[White "Maria, Lia-Alexandra"]
[Black "Cosma, Elena-Luminita"]
[Result "0-1"]
[ECO "D48"]
[WhiteElo "1602"]
[BlackElo "2313"]
[Annotator "ChessBase"]
[PlyCount "36"]
[EventDate "2019.10.02"]
[EventType "swiss"]
[EventCountry "ROU"]
[SourceTitle "playchess.com"]
[Source "ChessBase"]
[SourceQuality "1"]
[TimeControl "40/5400+30:900+30"]

1. d4 e6 2. c4 d5 3. Nc3 c6 4. Nf3 Nf6 5. e3 Nbd7 6. Bd3 dxc4 7. Bxc4 b5 8. Bd3 a6 9. O-O c5 10. a3 Bb7 11. Re1 Rc8 12. e4 cxd4 13. Nxd4 Ne5 14. Be2 Bc5 15. Nf3 Neg4 16. Rf1 Qxd1 17. Bxd1 Nxf2 18. Rxf2 Ng4 0-1

[Event "12th Maria Albulet Memorial 2019"]
[Site "Braila"]
[Date "2019.10.07"]
[Round "7.6"]
[White "Pitigoi, Sabina-Andreea"]
[Black "Makropoulou, Marina"]
[Result "0-1"]
[ECO "E11"]
[WhiteElo "1490"]
[BlackElo "2201"]
[Annotator "ChessBase"]
[PlyCount "94"]
[EventDate "2019.10.02"]
[EventType "swiss"]
[EventCountry "ROU"]
[SourceTitle "playchess.com"]
[Source "ChessBase"]
[SourceQuality "1"]
[TimeControl "40/5400+30:900+30"]

1. d4 Nf6 2. Nf3 e6 3. c4 Bb4+ 4. Bd2 a5 5. a3 Bxd2+ 6. Qxd2 b6 7. Nc3 Bb7 8. d5 exd5 9. cxd5 O-O 10. e3 Re8 11. Bc4 Na6 12. O-O Nc5 13. Rad1 a4 14. Qc2 Qe7 15. Nb5 d6 16. Nc3 g6 17. Nd4 Qe5 18. Bb5 Rf8 19. Nc6 Bxc6 20. dxc6 Ra5 21. Rd4 Ne6 22. Rb4 h5 23. Bxa4 Rc5 24. Qe2 Ng4 25. g3 d5 26. h3 Nf6 27. f4 Qd6 28. e4 dxe4 29. Nxe4 Nxe4 30. Qxe4 Rd5 31. Rf2 Nc5 32. Qc2 Nd3 33. Bb3 Rc5 34. Qd2 Nxf2 35. Qxd6 Nxh3+ 36. Kg2 cxd6 37. Rxb6 Rc8 38. c7 Nxf4+ 39. gxf4 R8xc7 40. Rxd6 R5c6 41. Rd8+ Kg7 42. Bd1 Rb6 43. b3 Rcc6 44. Re8 Rd6 45. Re1 Rd3 46. a4 Rbd6 47. Be2 Rxb3 0-1

[Event "12th Maria Albulet Memorial 2019"]
[Site "Braila"]
[Date "2019.10.07"]
[Round "7.7"]
[White "Mihailova, Alina"]
[Black "Anghel, Maria"]
[Result "1-0"]
[ECO "A40"]
[WhiteElo "1770"]
[BlackElo "1743"]
[Annotator "NA"]
[PlyCount "87"]
[EventDate "2019.10.02"]
[EventType "swiss"]
[EventCountry "ROU"]
[SourceTitle "playchess.com"]
[Source "ChessBase"]
[SourceQuality "1"]
[TimeControl "40/5400+30:900+30"]

1. d4 Nf6 2. c4 e6 3. g3 c5 4. Nf3 cxd4 5. Nxd4 Nc6 6. Nxc6 bxc6 7. Bg2 d5 8. O-O Be7 9. Qc2 O-O 10. Rd1 Qb6 11. Nc3 Ba6 12. cxd5 cxd5 13. Be3 Qa5 14. a3 Rfc8 15. b4 Qc7 16. Rac1 Bc4 17. Qb2 Qb7 18. Bd4 Qb8 19. e4 Rd8 20. exd5 exd5 21. Re1 Qb7 22. Qd2 Qd7 23. Nd1 Rac8 24. Nb2 Bb5 25. Rxc8 Rxc8 26. a4 Bc4 27. Bxf6 gxf6 28. b5 Bf8 29. Qf4 Bg7 30. h4 Qd8 31. h5 h6 32. Bh3 Rb8 33. Nxc4 dxc4 34. Qxc4 Qd2 35. Re7 Qd1+ 36. Kg2 Rf8 37. Bg4 Qd6 38. Rxa7 Qe5 39. b6 f5 40. Bf3 Qd4 41. Qxd4 Bxd4 42. a5 Rb8 43. Bd5 Kh8 44. Rxf7 1-0

[Event "12th Maria Albulet Memorial 2019"]
[Site "Braila"]
[Date "2019.10.07"]
[Round "7.8"]
[White "Verbin, Valentina"]
[Black "Paraschiv, Alexandra"]
[Result "1-0"]
[ECO "C07"]
[WhiteElo "2076"]
[BlackElo "1404"]
[Annotator "NA RC"]
[PlyCount "99"]
[EventDate "2019.10.02"]
[EventType "swiss"]
[EventCountry "ROU"]
[SourceTitle "playchess.com"]
[Source "ChessBase"]
[SourceQuality "1"]
[TimeControl "40/5400+30:900+30"]

1. e4 e6 2. d4 d5 3. Nd2 c5 4. exd5 Qxd5 5. dxc5 Bxc5 6. Ngf3 Nf6 7. Bc4 Qd7 {[%emt 0:00:42] C07: French Tarrasch: 3...c5, 4 Ngf3 and 4 exd5 Qxd5} (7... Qc6 8. Qe2 O-O 9. Nb3 Nbd7 10. Bf4 Bd6 11. Nbd4 Qb6 12. Bxd6 Qxd6 13. O-O-O Qf4+ 14. Kb1 Nb6 15. Bb3 {0-1 (28) Naiditsch,A (2705)-Le,Q (2737) Riadh 2017}) 8. Qe2 Nc6 9. O-O O-O 10. Nb3 Bb6 $146 ({Predecessor:} 10... Bd6 11. Bg5 Ng4 12. h3 Nge5 13. Rad1 Qc7 14. Nxe5 Nxe5 15. Rd4 {0-1 (44) Kirchei,V (1943)-Cherepanova,E (1629) Mamaia 2017}) 11. c3 h6 12. Rd1 Qe7 13. a4 Bc7 14. Nbd4 Bd7 15. b4 a5 {[%emt 0:02:51] [#]} 16. b5 $1 Nxd4 17. Nxd4 Bd6 18. Bd3 Rac8 19. c4 b6 20. Bb2 Rfd8 21. Nf3 Be8 22. Ne5 Bc5 23. h4 h5 24. Qf3 Rd6 25. Bc2 Rcd8 26. Rxd6 Rxd6 {[%emt 0:00:12] [#]} 27. Nd3 (27. Rd1 $1 $16) 27... Bd4 28. Rd1 Bxb2 29. Nxb2 Rxd1+ 30. Nxd1 Qb4 31. Qc3 Qxc3 32. Nxc3 Nd7 33. Ne4 Kf8 34. f3 Ke7 35. Kf2 f6 36. Nd2 Kd6 37. Ke3 Kc5 38. Ne4+ Kxc4 39. Nd6+ Kc3 40. Bb1 Nc5 41. Nxe8 Nxa4 42. Nxg7 Kb2 43. Bd3 Nc5 44. Bc4 Nb3 45. Nxe6 Kc3 46. Bxb3 Kxb3 47. Kd3 a4 48. g4 hxg4 49. fxg4 a3 50. Nd4+ 1-0

[Event "12th Maria Albulet Memorial 2019"]
[Site "Braila"]
[Date "2019.10.08"]
[Round "8.1"]
[White "Cosman, Andreea-Marioara"]
[Black "Rakhmangulova, Anastasiya"]
[Result "1/2-1/2"]
[ECO "D10"]
[WhiteElo "2165"]
[BlackElo "2186"]
[Annotator "ChessBase"]
[PlyCount "135"]
[EventDate "2019.10.02"]
[EventType "swiss"]
[EventCountry "ROU"]
[SourceTitle "playchess.com"]
[Source "ChessBase"]
[SourceQuality "1"]
[TimeControl "40/5400+30:900+30"]

1. d4 d5 2. c4 c6 3. cxd5 cxd5 4. Nc3 Nf6 5. Bf4 Nc6 6. e3 a6 7. Bd3 Bg4 8. Nge2 Bxe2 9. Qxe2 e6 10. O-O Bd6 11. Bxd6 Qxd6 12. Rac1 O-O 13. Na4 e5 14. dxe5 Nxe5 15. Bf5 g6 16. Bc2 b5 17. Nc3 b4 18. Nb1 Rac8 19. Nd2 d4 20. exd4 Qxd4 21. Ne4 Nd5 22. Qd1 Nf4 23. Qxd4 Ne2+ 24. Kh1 Nxd4 25. Bb1 f5 26. Ng3 Rxc1 27. Rxc1 Ng4 28. Re1 Nxf2+ 29. Kg1 Ng4 30. h3 f4 31. hxg4 fxg3 32. Bd3 a5 33. Re3 Rc8 34. Rxg3 a4 35. Re3 Rc1+ 36. Kh2 Rd1 37. Bc4+ Kf8 38. Rd3 Rxd3 39. Bxd3 Ke7 40. Kg3 g5 41. Kf2 a3 42. bxa3 bxa3 43. Ke3 Ne6 44. Bxh7 Kf6 45. Kd2 Ke5 46. Kc2 Nf4 47. Kb3 Nxg2 48. Bf5 Ne3 49. Bc8 Kd4 50. Kxa3 Kc3 51. Be6 Nc2+ 52. Ka4 Kb2 53. Bf7 Ne3 54. Kb4 Nc2+ 55. Ka4 Ne3 56. Kb4 Nc2+ 57. Kc4 Kxa2 58. Kc3+ Kb1 59. Kd2 Kb2 60. Bg6 Nd4 61. Be4 Ne6 62. Kd3 Kc1 63. Bf3 Nf4+ 64. Ke4 Kd2 65. Kf5 Nh3 66. Bg2 Nf2 67. Kxg5 Nxg4 68. Kxg4 1/2-1/2

[Event "12th Maria Albulet Memorial 2019"]
[Site "Braila"]
[Date "2019.10.08"]
[Round "8.2"]
[White "Cosma, Elena-Luminita"]
[Black "Navrotescu, Andreea-Cristiana"]
[Result "0-1"]
[ECO "A81"]
[WhiteElo "2313"]
[BlackElo "2241"]
[Annotator "ChessBase"]
[PlyCount "120"]
[EventDate "2019.10.02"]
[EventType "swiss"]
[EventCountry "ROU"]
[SourceTitle "playchess.com"]
[Source "ChessBase"]
[SourceQuality "1"]
[TimeControl "40/5400+30:900+30"]

1. d4 f5 2. g3 Nf6 3. Bg2 g6 4. c4 Bg7 5. Nc3 O-O 6. Nh3 Nc6 7. O-O d6 8. d5 Ne5 9. b3 Bd7 10. Qc2 c6 11. Nf4 Qe8 12. Bd2 g5 13. Ne6 Bxe6 14. dxe6 Qh5 15. f4 Ng6 16. Bf3 Ng4 17. Bxg4 Qxg4 18. e3 Rf6 19. fxg5 Qxg5 20. Rf2 Qg4 21. Raf1 Raf8 22. Nd1 Qe4 23. Qxe4 fxe4 24. Rxf6 Rxf6 25. Bc3 Rxe6 26. Bxg7 Kxg7 27. Nc3 Re5 28. Rd1 Kf6 29. Rf1+ Ke6 30. Ne2 c5 31. Nc3 Rf5 32. Rd1 h5 33. Kg2 Rf3 34. Re1 Ke5 35. Re2 e6 36. Nd1 d5 37. Nf2 Ne7 38. g4 hxg4 39. Nxg4+ Kf5 40. h3 d4 41. Nh2 Rxe3 42. Rxe3 dxe3 43. Nf1 Kf4 44. Ng3 Nf5 45. Ne2+ Kg5 46. Nc3 Kf4 47. Ne2+ Ke5 48. Kf1 Nh4 49. Ke1 Kf5 50. Kf1 b6 51. Kg1 Kg5 52. Kf1 Nf5 53. Kg2 Kh4 54. Nf4 Nd4 55. Ng6+ Kg5 56. Ne5 e2 57. Kf2 e3+ 58. Ke1 Kh4 59. Ng4 Kxh3 60. Nxe3 Kg3 0-1

[Event "12th Maria Albulet Memorial 2019"]
[Site "Braila"]
[Date "2019.10.08"]
[Round "8.6"]
[White "Didiliuc, Dariana-Gabriela"]
[Black "Anghel, Maria"]
[Result "1/2-1/2"]
[ECO "B12"]
[WhiteElo "1798"]
[BlackElo "1743"]
[Annotator "NA"]
[PlyCount "59"]
[EventDate "2019.10.02"]
[EventType "swiss"]
[EventCountry "ROU"]
[SourceTitle "playchess.com"]
[Source "ChessBase"]
[SourceQuality "1"]
[TimeControl "40/5400+30:900+30"]

1. e4 c6 2. d4 d5 3. e5 c5 4. c3 Nc6 5. f4 Bf5 6. Nf3 e6 7. Be2 cxd4 8. cxd4 Bxb1 9. Rxb1 Bb4+ 10. Bd2 Qa5 11. a3 Bxd2+ 12. Qxd2 Qxd2+ 13. Kxd2 Nge7 14. g4 a6 15. b4 b5 16. Rhc1 Kd7 17. Rc5 h6 18. h4 h5 19. g5 Nf5 20. Rbc1 Rhc8 21. R1c3 Ng3 22. Bd3 Ne4+ 23. Bxe4 dxe4 24. d5 Ne7 25. dxe6+ fxe6 26. Rxc8 Rxc8 27. Rxc8 Kxc8 28. Nd4 Kd7 29. Ke3 Nf5+ 30. Kxe4 1/2-1/2

[Event "12th Maria Albulet Memorial 2019"]
[Site "Braila"]
[Date "2019.10.08"]
[Round "8.7"]
[White "Verbin, Valentina"]
[Black "Pitigoi, Sabina-Andreea"]
[Result "1-0"]
[ECO "C01"]
[WhiteElo "2076"]
[BlackElo "1490"]
[Annotator "NA"]
[PlyCount "175"]
[EventDate "2019.10.02"]
[EventType "swiss"]
[EventCountry "ROU"]
[SourceTitle "playchess.com"]
[Source "ChessBase"]
[SourceQuality "1"]
[TimeControl "40/5400+30:900+30"]

1. e4 e6 2. d4 d5 3. exd5 exd5 4. Nf3 Nf6 5. Bd3 c5 6. O-O {[%emt 0:00:04] C01: French: Exchange Variation} cxd4 (6... c4 7. Re1+ Be7 8. Be2 O-O 9. b3 cxb3 10. axb3 Nc6 11. c3 Re8 12. Nbd2 Bd6 13. Bd3 Bg4 14. Rxe8+ Qxe8 {0-1 (52) Fontaine,R (2563)-Carlsen,M (2834) chess.com INT 2018}) 7. Nxd4 Be7 8. Bf4 a6 $146 ({Predecessor:} 8... O-O 9. c4 dxc4 10. Bxc4 Be6 11. Bxe6 fxe6 12. Nxe6 Qxd1 13. Rxd1 {1-0 (52) Dsouza,S (1143)-Cavaille,C (1009) FICGS email 2011}) 9. a4 O-O 10. Nd2 Nbd7 11. Re1 Re8 12. Qf3 Nc5 13. Bf5 Bd7 14. Qh3 g6 15. Bxd7 Qxd7 16. Qxd7 Nfxd7 17. N2f3 Bf6 18. Red1 Ne6 19. Nxe6 fxe6 20. c4 Nb6 21. cxd5 Nxd5 22. Be5 Bxe5 23. Nxe5 Rac8 24. Rac1 Nf4 25. Kf1 Red8 26. Rxd8+ Rxd8 27. g3 Nd5 $1 28. Nd3 Nb6 29. a5 Rxd3 30. axb6 Rb3 31. Rc8+ Kg7 32. Rc7+ {[%emt 0:00:08] Double Attack} Kh6 33. Rxb7 Rxb2 34. h4 g5 35. hxg5+ Kxg5 36. Rb8 Kh6 37. b7 a5 38. Ra8 Rxb7 39. Rxa5 Kg6 40. Kg2 Re7 41. f4 Kf6 42. Re5 Ra7 43. Kh3 Ra3 44. Kg4 h6 45. Rb5 Rd3 46. Rb8 Kg7 47. Kh4 Rd4 48. Rb7+ Kg6 49. Rb6 Re4 50. Kg4 h5+ 51. Kh3 Re2 52. Rb5 Kh6 53. Rb8 Kg6 54. Rg8+ Kh6 55. Rg5 Re1 56. Kg2 Re2+ 57. Kf3 Re1 58. Rg8 Kh7 59. Rd8 Kg6 60. Rd4 Kf5 61. Kf2 Ra1 62. Rd8 Ra2+ 63. Kf3 Ra3+ 64. Kg2 Re3 65. Rg8 Re2+ 66. Kh3 h4 67. Rg5+ Kf6 68. Kxh4 Re4 69. Kg4 Re3 70. Rh5 Re1 71. Rh6+ Kf7 72. Kg5 Re3 73. g4 Ra3 74. Rh7+ Kg8 75. Re7 Ra6 76. Kf6 Ra4 77. Ke5 $18 (77. Kg6 $142 Kf8 78. Rxe6 Ra7 79. g5 Ra2 80. f5 Rc2 81. f6 Rf2 82. Ra6) 77... Ra1 78. Kxe6 Re1+ 79. Kf6 Ra1 80. f5 Ra6+ 81. Re6 Ra8 82. Kg6 Kf8 83. g5 Ra7 84. f6 Rd7 85. Re7 Rd6 86. Rg7 Rd3 87. Ra7 Ke8 88. f7+ 1-0

[Event "12th Maria Albulet Memorial 2019"]
[Site "Braila"]
[Date "2019.10.08"]
[Round "8.8"]
[White "Mihailova, Alina"]
[Black "Maria, Lia-Alexandra"]
[Result "1-0"]
[ECO "A40"]
[WhiteElo "1770"]
[BlackElo "1602"]
[Annotator "NA RC"]
[PlyCount "77"]
[EventDate "2019.10.02"]
[EventType "swiss"]
[EventCountry "ROU"]
[SourceTitle "playchess.com"]
[Source "ChessBase"]
[SourceQuality "1"]
[TimeControl "40/5400+30:900+30"]

1. d4 Nf6 2. c4 e6 3. g3 c5 4. Nf3 b6 5. Bg2 Bb7 6. O-O cxd4 7. Nxd4 Bxg2 8. Kxg2 Bc5 9. Nb5 O-O 10. Bf4 Nc6 11. a3 e5 12. Bg5 h6 13. Bxf6 Qxf6 14. N1c3 Nd4 15. Nc7 Rac8 16. N7d5 Qc6 17. e3 Nf5 18. Ne4 Rfe8 19. b4 Bf8 20. Rc1 Qg6 21. Nd2 a5 22. Qa4 Ra8 23. e4 Nh4+ 24. Kh1 axb4 25. Qd1 Rxa3 26. gxh4 Rea8 27. Rg1 Qd6 28. Qg4 Ra2 29. Rcd1 b3 30. Qf5 Kh8 31. Qxf7 b2 32. Rg6 Ra1 33. Nb1 Rxb1 34. Rxb1 Ra1 35. Rgg1 Qa3 36. Qf5 Rxb1 37. Rxb1 Qa1 38. Qxf8+ Kh7 39. Nc3 1-0

[Event "12th Maria Albulet Memorial 2019"]
[Site "Braila"]
[Date "2019.10.09"]
[Round "9.6"]
[White "Paraschiv, Petronela-Alexandra"]
[Black "Bucur, Denisa-Andreea"]
[Result "0-1"]
[ECO "B53"]
[WhiteElo "1829"]
[BlackElo "1888"]
[Annotator "NA RC"]
[PlyCount "58"]
[EventDate "2019.10.02"]
[EventType "swiss"]
[EventCountry "ROU"]
[SourceTitle "playchess.com"]
[Source "ChessBase"]
[SourceQuality "1"]
[TimeControl "40/5400+30:900+30"]

1. e4 c5 2. Nf3 d6 3. d4 cxd4 4. Qxd4 Nf6 5. Bg5 Nc6 6. Bb5 Bd7 7. Bxc6 Bxc6 8. Nc3 e6 9. O-O-O Be7 10. Kb1 O-O 11. Rhe1 Qa5 12. Qd2 Qb6 13. Nd4 {[%emt 0:02:27] B53: Sicilian: 2...d6: Lines with Qxd4} a6 (13... Rfd8 14. g4 Rac8 15. f3 Be8 16. Nd5 Nxd5 17. exd5 Bxg5 18. Qxg5 Qc5 19. Qc1 e5 20. Nf5 Rd7 {½-½ (31) Cao,S (2548)-Acs,P (2522) Hungary 2007}) 14. f3 Rac8 15. g4 Rfe8 16. Be3 $146 (16. h4 $14) ({Predecessor:} 16. Nce2 Qc7 17. Ng3 b5 18. h4 Bb7 19. Rc1 Qc4 20. Nh5 Nxh5 21. gxh5 {1-0 (39) Andersson,J (2117)-Madebrink,L (2247) Sweden 2010}) 16... Qc7 17. h4 Nd7 18. g5 Ne5 19. f4 Nc4 20. Qf2 b5 21. a3 Ba8 22. Bd2 {[%emt 0:03:22] [#]} (22. Rd3 $1 $15) 22... d5 $1 23. e5 Bxa3 $1 24. Ncxb5 $2 (24. bxa3 $17 Nxa3+ 25. Kb2) 24... axb5 25. Nxb5 Qb7 26. b3 Qxb5 27. Re2 Bc5 28. Qe1 Na3+ 29. Kb2 Nxc2 0-1

[Event "12th Maria Albulet Memorial 2019"]
[Site "Braila"]
[Date "2019.10.09"]
[Round "9.7"]
[White "Pitigoi, Sabina-Andreea"]
[Black "Didiliuc, Dariana-Gabriela"]
[Result "0-1"]
[ECO "D31"]
[WhiteElo "1490"]
[BlackElo "1798"]
[Annotator "NA RC"]
[PlyCount "121"]
[EventDate "2019.10.02"]
[EventType "swiss"]
[EventCountry "ROU"]
[SourceTitle "playchess.com"]
[Source "ChessBase"]
[SourceQuality "1"]
[TimeControl "40/5400+30:900+30"]

1. d4 d5 2. c4 e6 3. Nc3 c6 4. cxd5 exd5 5. Nf3 Nf6 6. Bf4 Bd6 7. Bxd6 Qxd6 8. e3 Bf5 9. Bd3 Bxd3 10. Qxd3 Nbd7 11. O-O O-O 12. Rfe1 Rfe8 13. e4 dxe4 14. Nxe4 Nxe4 15. Rxe4 Rxe4 16. Qxe4 Nf6 17. Qe5 Qb4 18. Rb1 Re8 19. Qc5 Qa4 20. a3 Re2 21. b3 Qa6 22. Qc4 Qxc4 23. bxc4 Re7 24. Re1 Rxe1+ 25. Nxe1 Ne4 26. Nd3 Nd6 27. Nb2 b5 28. d5 bxc4 29. dxc6 c3 30. Nd3 c2 31. c7 Kf8 32. Kf1 Ke7 33. Ke2 Kd7 34. Kd2 Nc4+ 35. Kxc2 Nxa3+ 36. Kb3 Nb5 37. Ne5+ Kxc7 38. Nxf7 h6 39. Ne5 Kd6 40. Nc4+ Kd5 41. Ne3+ Ke4 42. Kb4 Nd4 43. Kc4 h5 44. Nf1 Nf5 45. Nd2+ Kf4 46. h3 Ke5 47. Nf3+ Ke4 48. Nd2+ Kf4 49. Kb5 Nd6+ 50. Ka6 Ne4 51. Nf1 Nxf2 52. Kxa7 Nd1 53. g4 h4 54. Kb6 Nf2 55. Kc5 Nxh3 56. Kd4 g5 57. Ne3 Nf2 58. Ng2+ Kxg4 59. Ke3 Kg3 60. Ne1 h3 61. Kd4 0-1